 Dungeon Crawl Stone Soup version 0.29.1-15-g9cfb28693d (webtiles) character file.

Game seed: 17828440077724005555

26528 LustLizard the Covert (level 13, -2/107 (108) HPs)
             Began as a Merfolk Gladiator on Mar 26, 2023.
             Was a Follower of Uskayaw.
             Slain by a black mamba (12 damage)
             ... on level 9 of the Dungeon.
             The game lasted 00:34:05 (13181 turns).

LustLizard the Covert (Merfolk Gladiator)          Turns: 13181, Time: 00:34:06

HP:   -2/107 (108)  AC:  9    Str: 15    XL:     13   Next: 26%
MP:   17/20         EV: 15    Int:  7    God:    Uskayaw [*.....]
Gold: 797           SH:  0    Dex: 20    Spells: 12/12 levels left

rFire   + . .      SeeInvis +   C - +0 short sword (venom)
rCold   + + +      Faith    .   (no shield)
rNeg    . . .      Spirit   .   u - +4 skin of Zhor {*Englaciate rC+++ SInv}
rPois   .          Reflect  .   c - +1 helmet
rElec   .          Harm     .   (no cloak)
rCorr   .          Rampage  .   (no gloves)
Will    .....                   y - +0 pair of boots
Stlth   ++++++....              j - amulet of regeneration
HPRegen 1.07/turn               d - ring of protection from fire
MPRegen 0.17/turn               (no ring)

@: lethally poisoned (-2 -> -4), lightly drained
A: (nimble swimmer 2), mertail
a: Renounce Religion, Stomp


You were on level 9 of the Dungeon.
You worshipped Uskayaw.
Uskayaw was aware of your devotion.
You visited 2 branches of the dungeon, and saw 12 of its levels.
You also visited: Sewer and Bailey.

You collected 911 gold pieces.
You spent 114 gold pieces at shops.

Inventory:

Hand Weapons
 a - a +0 rapier
 i - a +0 antimagic short sword
 n - the +7 scimitar of the Extremely Mad {vorpal, rN+ Int+4 Dex-2}
   (You found it on level 10 of the Dungeon)

   It inflicts extra damage upon your enemies.
   Int:       It affects your intelligence (+4).
   Dex:       It affects your dexterity (-2).
   rN:        It protects you from negative energy.
 C - a +0 short sword of venom (weapon)
 D - a +1 long sword
 H - the +10 bardiche "Hym Ragi" {vorpal, Fragile rElec rPois Str+4}
   (You found it in a bailey)

   It inflicts extra damage upon your enemies.
   Str:       It affects your strength (+4).
   rElec:     It insulates you from electricity.
   rPois:     It protects you from poison.
   Fragile:   It will be destroyed if unequipped.
Missiles
 t - 2 poisoned darts
 E - a javelin
Armour
 b - a +0 leather armour
 c - a +1 helmet (worn)
 g - a +4 ring mail
 u - the +4 skin of Zhor (worn) {*Englaciate rC+++ SInv}
   (You found it on level 10 of the Dungeon)

   It radiates cold, occasionally slowing all nearby creatures who are not
   resistant to cold.
   rC:        It renders you almost immune to cold.
   SInv:      It lets you see invisible.
 y - a +0 pair of boots (worn)
 M - a +1 leather armour of willpower
Jewellery
 d - a ring of protection from fire (left hand)
 j - an amulet of regeneration (around neck)
 O - a ring of wizardry
Wands
 f - a wand of flame (8)
 A - a wand of charming (28)
 F - a wand of light (10) (quivered)
 Q - a wand of mindburst (4)
Scrolls
 e - a scroll of torment {unknown}
 h - 3 scrolls of enchant armour
 l - 3 scrolls of enchant weapon
 m - 2 scrolls of silence {unknown}
 o - 2 scrolls of magic mapping {unknown}
 p - 4 scrolls of fog {unknown}
 q - 4 scrolls of teleportation
 v - 2 scrolls of immolation
 x - 2 scrolls of noise
 z - a scroll of identify
 B - a scroll of acquirement {unknown}
 G - a scroll of poison {unknown}
 J - a scroll of brand weapon {unknown}
 K - 2 scrolls of fear {unknown}
 L - a scroll of summoning
 P - a scroll of vulnerability {unknown}
Potions
 k - 2 potions of mutation
 r - 2 potions of brilliance
 s - 2 potions of lignification
 w - 2 potions of berserk rage
 I - 2 potions of flight {unknown}
 N - 3 potions of might {unknown}
Miscellaneous
 R - a box of beasts


   Skills:
 + Level 12.2 Fighting
 - Level 9.0(10.7) Short Blades
 * Level 9.3(10.8) Long Blades
 - Level 2.0 Throwing
 - Level 5.6 Dodging
 - Level 14.8 Stealth
 * Level 9.9 Invocations
 + Level 4.1 Evocations


You had 12 spell levels left.
You didn't know any spells.
Your spell library contained the following spells:

 Spells                   Type           Power      Damage    Failure   Level
 Beastly Appendage        Tmut           0%         N/A       43%         1
 Magic Dart               Conj           0%         1d3       43%         1
 Shock                    Conj/Air       0%         1d3       43%         1
 Searing Ray              Conj           0%         2d4       56%         2
 Wereblood                Tmut           0%         N/A       56%         2
 Conjure Flame            Conj/Fire      0%         6-21      80%         3
 Ignite Poison            Fire/Tmut/Pois 0%         N/A       80%         3
 Portal Projectile        Hex/Tloc       0%         N/A       80%         3
 Spider Form              Tmut/Pois      0%         N/A       80%         3
 Swiftness                Air            0%         N/A       80%         3
 Tukima's Dance           Hex            0%         N/A       80%         3
 Airstrike                Air            0%         2d(0-16)  99%         4
 Fulminant Prism          Conj/Hex       0%         3d6       99%         4
 Sticky Flame             Conj/Fire      0%         2d3       99%         4
 Blade Hands              Tmut           0%         N/A       100%        5


Dungeon Overview and Level Annotations

Branches:
Dungeon (11/15)            Temple (0/1) D:5            Lair (1/5) D:9
    Orc (0/2) D:11          Sewer (visited)          Bailey (visited)

Altars:
Gozag
Hepliaklqana
Nemelex Xobeh
Okawaru
Uskayaw
Vehumet
Yredelemnul
The Shining One

Shops:
D:7 !   D:8 *

Annotations:
D:10 1 runed translucent door


Innate Abilities, Weirdness & Mutations

((You are very nimble when in or above water. (Stealth+, EV+, Speed+++)))
Your lower body shifts to a powerful aquatic tail in water.


Message History

You feel sick.
The black mamba bites you but does no damage.
The water moccasin misses you.
You hit the black mamba.
The black mamba is heavily wounded.
You feel very sick.
The black mamba bites you but does no damage.
You hit the black mamba but do no damage.
The black mamba is poisoned.
The black mamba is heavily wounded.
You feel sick. The black mamba completely misses you.
The water moccasin barely misses you.
You closely miss the black mamba.
The black mamba is heavily wounded.
You feel sick. The black mamba bites you.
You closely miss the black mamba.
The black mamba is severely wounded.
You feel sick. The water moccasin bites you!
* * * LOW HITPOINT WARNING * * *
You are more poisoned.
The water moccasin poisons you! The black mamba bites you!
* * * LOW HITPOINT WARNING * * *
You hit the water moccasin but do no damage.
You feel very sick. The black mamba bites you!
* * * LOW HITPOINT WARNING * * *
Unknown command.
You feel better. The black mamba bites you.
* * * LOW HITPOINT WARNING * * *
The water moccasin bites you but does no damage.
The black mamba misses you.
You stomp with the beat, sending a shockwave through the revellers around you!
The water moccasin is heavily wounded.
The black mamba is almost dead.
You can no longer pass through a line of other dancers.
The water moccasin bites you.
* * * LOW HITPOINT WARNING * * *
You are poisoned.
The water moccasin poisons you! The black mamba bites you!
You die...

.# #.## ##.## # .# ##.# ###
# .# #..# .#
#####.######### .#
#.............# .#
#.............# .#
##.............#
.########.....#...#....####
#
..........#...#S@.........#
##
...#######.......S......#.#
#. ..## #.....#.......##.#
#. .##
##............##.######. .#
#.###........##..[..... .#
#.# ####.##.########### '##
##.#### #.##.# ### # ..##
#.....# #.##.###.## ##
...## ##.##.# #.##.##.#.##
##.


You could see a black mamba (very poisoned) and a water moccasin (slow).

Vanquished Creatures
  An ettin (D:10)
  3 boulder beetles
  An ogre mage (D:10)
  3 two-headed ogres (D:10)
  A centaur warrior (D:10)
  3 death yaks (D:9)
  A tengu warrior (D:10)
  An obsidian statue (D:10)
  2 orc knights (Bailey)
  Pikel (D:5)
  An ugly thing (D:10)
  A manticore (D:10)
  An unseen horror (D:10)
  4 rime drakes (D:10)
  4 trolls
  Grinder (D:5)
  A hornet (D:10)
  A shadow (D:10)
  A vampire (D:10)
  2 wraiths (D:11)
  2 wyverns
  6 yaks (D:10)
  3 vampire mosquitoes
  Edmund (D:6)
  An acid dragon (D:10)
  4 water moccasins
  Pargi (Sewer)
  2 sky beasts
  15 orc warriors
  An ice beast (D:3)
  4 black bears
  An ogre (D:7)
  4 centaurs
  A lemure (D:5)
  2 phantoms
  4 bullfrogs
  2 gnoll sergeants
  5 scorpions
  A necrophage (D:6)
  14 wights
  A killer bee (D:10)
  2 electric eels (D:10)
  A vampire bat (D:5)
  4 howler monkeys (D:9)
  8 orc priests
  5 hounds
  An iguana (D:5)
  11 orc wizards
  2 hell rats
  A statue (D:10)
  7 gnolls
  6 adders
  3 river rats (D:9)
  A shadow imp (D:6)
  A white imp (D:8)
  2 ufetubi
  3 dart slugs
  3 fire bats (D:5)
  A worm (D:4)
  42 orcs
  2 spectral bats (D:5)
  7 ball pythons
  17 bats
  3 bat skeletons (D:5)
  A bat zombie (D:5)
  6 endoplasms
  4 giant cockroaches
  4 goblins
  4 hobgoblins
  3 jackals
  6 quokkas
  A bat simulacrum (D:5)
  6 frilled lizards (D:2)
  14 kobolds
  9 rats
300 creatures vanquished.

Vanquished Creatures (others)
  An orc wizard (D:10)
  22 plants
23 creatures vanquished.

Grand Total: 323 creatures vanquished

Notes
Turn   | Place    | Note
-------+----------+-------------------------------------------
     0 | D:1      | LustLizard the Merfolk Gladiator began the quest for the
                  | Orb.
     0 | D:1      | Reached XP level 1. HP: 16/16 MP: 1/1
    27 | D:1      | Found a faded altar of an unknown god.
   227 | D:1      | Reached skill level 1 in Stealth
   227 | D:1      | Reached XP level 2. HP: 22/22 MP: 2/2
   656 | D:1      | Reached XP level 3. HP: 28/28 MP: 3/3
  1065 | D:2      | Reached skill level 2 in Stealth
  1532 | D:2      | Reached XP level 4. HP: 34/34 MP: 4/4
  1642 | D:3      | Found a glowing drain.
  1698 | D:3      | Found a sparkling altar of Nemelex Xobeh.
  1782 | Sewer    | Entered a sewer
  1835 | Sewer    | Noticed Pargi
  1868 | Sewer    | Killed Pargi
  1869 | Sewer    | Reached skill level 5 in Short Blades
  1869 | Sewer    | Reached skill level 3 in Stealth
  1869 | Sewer    | Reached XP level 5. HP: 41/41 MP: 5/5
  2043 | D:3      | Noticed an ice beast
  2162 | D:3      | Killed an ice beast
  2163 | D:3      | Reached skill level 5 in Dodging
  2163 | D:3      | Reached XP level 6. HP: 47/47 MP: 6/6
  2303 | D:3      | Reached skill level 4 in Stealth
  2559 | D:4      | Found a basalt altar of Yredelemnul.
  2798 | D:4      | Found a glowing golden altar of the Shining One.
  2801 | D:4      | Found an iron altar of Okawaru.
  3215 | D:5      | Entered Level 5 of the Dungeon
  3233 | D:5      | Reached XP level 7. HP: 53/53 MP: 7/7
  3289 | D:5      | Reached skill level 5 in Stealth
  3483 | D:5      | Noticed Pikel
  3491 | D:5      | Reached skill level 6 in Stealth
  3491 | D:5      | Reached XP level 8. HP: 50/61 MP: 8/8
  3555 | D:5      | Killed Pikel
  3556 | D:5      | Reached skill level 5 in Fighting
  3556 | D:5      | Reached skill level 7 in Stealth
  3928 | D:5      | Found a staircase to the Ecumenical Temple.
  3929 | D:5      | Noticed Grinder
  4312 | D:6      | Reached skill level 8 in Stealth
  4312 | D:6      | Reached XP level 9. HP: 68/68 MP: 9/9
  4669 | D:6      | Reached skill level 9 in Stealth
  4841 | D:6      | Noticed Edmund
  4967 | D:6      | Killed Edmund
  5033 | D:6      | Reached skill level 10 in Stealth
  5412 | D:6      | Found a hide-covered altar of Uskayaw.
  5630 | D:6      | Became a worshipper of Uskayaw the Reveller
  5679 | D:5      | Reached * piety under Uskayaw
  5684 | D:5      | Reached ** piety under Uskayaw
  5687 | D:5      | Killed Grinder
  5688 | D:5      | Reached skill level 11 in Stealth
  5729 | D:7      | Reached XP level 10. HP: 70/79 MP: 10/10
  5761 | D:7      | Found a flagged portal.
  5963 | Bailey   | Entered a bailey
  6446 | Bailey   | Reached skill level 12 in Stealth
  6475 | Bailey   | Reached *** piety under Uskayaw
  6540 | Bailey   | Identified the +10 bardiche "Hym Ragi" {vorpal, Fragile
                  | rElec rPois Str+4}
  6541 | Bailey   | Noticed an orc knight
  6541 | Bailey   | Noticed an orc knight
  6650 | Bailey   | Killed an orc knight
  6714 | Bailey   | Killed an orc knight
  6715 | Bailey   | Reached skill level 13 in Stealth
  6913 | Bailey   | Reached skill level 10 in Fighting
  6913 | Bailey   | Reached skill level 5 in Long Blades
  6913 | Bailey   | Reached XP level 11. HP: 92/92 MP: 10/16
  7180 | D:7      | Found Yples's Distillery.
  7390 | D:8      | Found Gipy's General Store.
  7442 | D:8      | Bought a scroll of summoning for 114 gold pieces
  7467 | D:8      | You fall into a shaft and drop 1 floor!
  7544 | D:9      | Noticed a death yak
  7555 | D:9      | Noticed a death yak
  7590 | D:9      | Killed a death yak
  7630 | D:9      | Noticed a death yak
  7669 | D:9      | Killed a death yak
  7687 | D:9      | Reached skill level 14 in Stealth
  7711 | D:9      | Killed a death yak
  7712 | D:9      | Reached XP level 12. HP: 47/99 MP: 17/17
  8334 | D:9      | Found a staircase to the Lair.
  8564 | D:10     | Entered Level 10 of the Dungeon
  8564 | D:10     | Found a hazy altar of Hepliaklqana.
  8759 | D:10     | Found the +4 skin of Zhor {*Englaciate rC+++ SInv}
  8782 | D:10     | Noticed a two-headed ogre
  8800 | D:10     | Killed a two-headed ogre
  8812 | D:10     | Noticed a two-headed ogre
  9474 | D:8      | Reached **** piety under Uskayaw
  9829 | D:10     | Killed a two-headed ogre
  9902 | D:10     | Reached skill level 1 in Evocations
 10366 | D:10     | Noticed a two-headed ogre
 10369 | D:10     | Killed a two-headed ogre
 10466 | D:10     | HP: 5/100 [electric eel/bolt of electricity (12)]
 10552 | D:10     | Noticed a tengu warrior
 10577 | D:10     | HP: 3/100 [tengu warrior/+2 great mace (12)]
 10579 | D:10     | Killed a tengu warrior
 10779 | D:10     | Noticed an ettin
 10784 | D:10     | Killed an ettin
 10857 | D:10     | Identified the +7 scimitar of the Extremely Mad {vorpal,
                  | rN+ Int+4 Dex-2}
 11073 | D:11     | Noticed a boulder beetle
 11110 | D:11     | Killed a boulder beetle
 11152 | D:11     | Found an opulent altar of Gozag.
 11209 | D:11     | Noticed a boulder beetle
 11215 | D:11     | Killed a boulder beetle
 11355 | D:11     | Found a staircase to the Orcish Mines.
 12012 | D:10     | Found a radiant altar of Vehumet.
 12061 | D:10     | Reached XP level 13. HP: 93/107 MP: 19/19
 12134 | D:10     | Found a runed translucent door.
 12294 | D:10     | Reached ***** piety under Uskayaw
 13155 | Lair:1   | Entered Level 1 of the Lair of Beasts
 13179 | D:9      | HP: 3/107 [black mamba (12)]
 13181 | D:9      | Slain by a black mamba

Illustrated notes

Levels and vault maps discovered:
D:1:      amcnicky_arrival_gap_in_the_tavern_cellar, layout_loops_cross,
          hellmonk_ecumenical_altar_crossroads, minmay_misc_feat_iff,
          minivault_25
D:2:      layout_loops_ring, lexackson_kobold_supper
D:3:      layout_basic, lemuel_crystal_altar, portal_sewer_entry_f
D:4:      layout_basic, mainiacjoe_overflow_small_starburst,
          nicolae_overflow_squiral, minmay_misc_feat_roman
D:5:      layout_loops_cross, minmay_temple_entry_from_below_a, minivault_1,
          hangedman_decor_slide_cut, goddamned_bats, uniq_pikel, uniq_grinder
D:6:      layout_basic, lemuel_tele_altar, uniq_edmund
D:7:      layout_gridville, enter_bailey_2, serial_shops,
          nicolae_shop_hallway_plus, minmay_misc_feat_room
D:8:      layout_cave_pods, serial_shops, nicolae_stop_n_shop_1
D:9:      layout_loops_corners, dpeg_lair_monsters
D:10:     nzn_winding_woodlands_large [nzn_winding_woodlands_5x5_default,
          nzn_winding_woodlands_5x15_garden, nzn_winding_woodlands_5x5_default,
          nzn_winding_woodlands_center_garden,
          nzn_winding_woodlands_15x15_eel_pit,
          nzn_winding_woodlands_center_diamonds,
          nzn_winding_woodlands_5x5_perimeter,
          nzn_winding_woodlands_5x15_zeroes, nzn_winding_woodlands_5x5_cross],
          layout_stronghold, vehumet_statue, nicolae_hepliaklqana_hazy_memory,
          grunt_decor_mini_mirrors, minivault_16, minmay_st_funbox,
          hellmonk_guarded_unrand_zhor
D:11:     layout_stronghold, orc_0_dummy, nicolae_gozag_seed_capital
Lair:1:   layout_regular_city, gammafunk_ghost_arena, grunt_megastairs_2

Skill      XL: |  1  2  3  4  5  6  7  8  9 10 11 12 13 |
---------------+----------------------------------------+-----
Stealth        | 1 2 3 4 6 8 11 13 14 | 14.8
Short Blades   | 4 5 6 7 8 9 |  9.0
Fighting       | 3 4 5 7 10 11 12 | 12.2
Dodging        | 5 |  5.6
Long Blades    | 5 8 9 |  9.3
Invocations    | 7 9 |  9.9
Evocations     | 3 4 |  4.1
Throwing       | |  2.0

Action                   |  1- 3 |  4- 6 |  7- 9 | 10-12 | 13-15 || total
-------------------------+-------+-------+-------+-------+-------++-------
Melee: Dagger            |   125 |    97 |   169 |       |       ||   391
       Rapier            |     4 |       |    23 |       |       ||    27
       Punch             |     1 |     2 |     9 |    13 |     3 ||    28
       Tailslap          |       |     1 |       |    16 |     1 ||    18
       Short sword       |       |       |   310 |   640 |    70 ||  1020
       Long sword        |       |       |    11 |    86 |       ||    97
       Scimitar          |       |       |       |    19 |    66 ||    85
Throw: Dart              |       |    14 |     4 |    11 |       ||    29
       Throwing net      |       |     2 |       |     4 |       ||     6
       Javelin           |       |       |     2 |     1 |       ||     3
Invok: Stomp             |       |       |       |     4 |     1 ||     5
       Line Pass         |       |       |       |     2 |       ||     2
Evoke: Wand              |       |       |       |     7 |       ||     7
  Use: Scroll            |       |     6 |     1 |     9 |       ||    16
       Potion            |       |       |     2 |     7 |     1 ||    10
 Stab: Sleeping          |     4 |     8 |     6 |    17 |     1 ||    36
       Held in net/web   |       |     2 |       |     4 |       ||     6
       Distracted        |       |     1 |     2 |     3 |       ||     6
       Paralysed         |       |       |       |     7 |     3 ||    10
       Invisible         |       |       |       |     3 |       ||     3
       Confused          |       |       |       |     2 |       ||     2
Armor: Leather armour    |    32 |     8 |   136 |    21 |       ||   197
       Ring mail         |       |       |       |   112 |       ||   112
       Animal skin       |       |       |       |    36 |    34 ||    70
Dodge: Dodged            |    69 |    48 |   338 |   395 |    70 ||   920
